 Dungeon Crawl Stone Soup version 0.29.1-2-gbd0b4ee654 (webtiles) character file.

Game seed: 15922360785606298931

9177 panurg the Severer (level 11, -1/99 HPs)
             Began as a Minotaur Gladiator on Oct 26, 2022.
             Was a High Priest of Okawaru.
             Succumbed to a minotaur's poison
             ... in a Gauntlet.
             The game lasted 00:58:59 (10715 turns).

panurg the Severer (Minotaur Gladiator)            Turns: 10715, Time: 00:59:00

Health: -1/99      AC: 17    Str: 23    XL:     11   Next: 19%
Magic:  10/12      EV: 26    Int:  5    God:    Okawaru [*****.]
Gold:   613        SH:  0    Dex: 12    Spells: 10/10 levels left

rFire   . . .      SeeInvis +   H - +4 battleaxe
rCold   . . .      Faith    .   (shield currently unavailable)
rNeg    . . .      Spirit   .   J - +1 plate armour of Absolutism {Harm Slay+3 SInv}
rPois   +          Reflect  .   c - +0 hat
rElec   .          Harm     +   (no cloak)
rCorr   .          Rampage  .   F - +0 pair of gloves
Will    +....      NoTele   +   (no boots)
Stlth   ..........              l - amulet of the acrobat
HPRegen 0.26/turn               N - ring of Noon {+Blink rPois Will+}
MPRegen 0.13/turn               G - +4 ring of slaying

@: lethally poisoned (-1 -> -14), heroic, acrobatic
A: horns 2, retaliatory headbutt
a: Renounce Religion, Evoke Blink, Heroism, Finesse, Duel


You were in a Gauntlet.
You worshipped Okawaru.
Okawaru was extremely pleased with you.
You visited 3 branches of the dungeon, and saw 12 of its levels.
You also visited: Ossuary and Gauntlet.

You collected 613 gold pieces.

Inventory:

Hand Weapons
 H - a +4 battleaxe (weapon)
Missiles
 a - 12 poisoned darts (quivered)
 m - 2 atropa-tipped darts
 y - 2 javelins
Armour
 c - a +0 hat (worn)
 u - a +2 chain mail of cold resistance
 F - a +0 pair of gloves (worn)
 I - +0 acid dragon scales
 J - the +1 plate armour of Absolutism (worn) {Harm Slay+3 SInv}
   (You found it on level 8 of the Dungeon)

   Slay:      It affects your accuracy & damage with ranged weapons and melee
   (+3).
   SInv:      It lets you see invisible.
   Harm:      It increases damage dealt and taken.
Jewellery
 l - an amulet of the acrobat (around neck)
 v - a ring of see invisible
 E - an amulet of faith
 G - a +4 ring of slaying (right hand)
 M - a ring of resist corrosion
 N - the ring of Noon (left hand) {+Blink rPois Will+}
   (You found it in a Gauntlet)

   [ring of poison resistance]

   rPois:     It protects you from poison.
   +Blink:    It lets you blink.
   Will:      It increases your willpower.
Wands
 i - a wand of paralysis (17)
 t - a wand of iceblast (21)
 w - a wand of digging (13)
Scrolls
 b - 3 scrolls of fear
 e - 3 scrolls of immolation
 f - 2 scrolls of magic mapping
 p - 4 scrolls of enchant armour
 x - 2 scrolls of enchant weapon {unknown}
 A - 3 scrolls of blinking {unknown}
 B - a scroll of butterflies {unknown}
 C - 4 scrolls of teleportation
 K - a scroll of amnesia {unknown}
 L - a scroll of brand weapon {unknown}
Potions
 g - a potion of magic {unknown}
 h - a potion of curing
 j - a potion of berserk rage
 k - a potion of might {unknown}
 n - 2 potions of flight
 o - a potion of brilliance {unknown}
 q - a potion of haste {unknown}
 r - 4 potions of heal wounds
 s - a potion of attraction {unknown}
 z - 5 potions of mutation
 D - 2 potions of cancellation {unknown}


   Skills:
 + Level 9.7(14.7) Fighting
 * Level 16.1(21.1) Axes
 - Level 2.0(7.0) Throwing
 - Level 6.0(11.0) Armour
 - Level 6.1(11.1) Dodging
 + Level 3.8 Invocations


You had 10 spell levels left.
You didn't know any spells.
Your spell library contained the following spells:

 Spells                   Type           Power      Damage    Failure   Level
 Sublimation of Blood     Necr           0%         N/A       100%        2
 Portal Projectile        Hex/Tloc       0%         N/A       100%        3
 Leda's Liquefaction      Hex/Erth       0%         N/A       100%        4
 Petrify                  Tmut/Erth      0%         N/A       100%        4
 Irradiate                Conj/Tmut      0%         3d11      100%        5
 Call Canine Familiar     Summ           Unusable   N/A       N/A         3

Dungeon Overview and Level Annotations

Branches:
Dungeon (10/15)            Temple (1/1) D:5            Lair (1/5) D:8
Ossuary (visited)         Gauntlet (1/1)
    Orc: D:9-12

Altars:
Ashenzari
Cheibriados
Dithmenos
Elyvilon
Fedhas
Gozag
Hepliaklqana
Kikubaaqudgha
Makhleb
Nemelex Xobeh
Okawaru
Qazlal
Ru
Trog
Uskayaw
Vehumet
Wu Jian
Xom
Yredelemnul
Zin
The Shining One

Shops:
D:6 [

Annotations:
Temple 2 transporters Gauntlet 5 transporters, 15 runed translucent doors


Innate Abilities, Weirdness & Mutations

You have a pair of horns on your head.
You reflexively headbutt those who attack you in melee.


Message History

You feel like a meek peon again.
You start resting.
A minotaur is nearby!
The minotaur throws a javelin.
The javelin barely misses you.
The minotaur throws a javelin.
The javelin pierces through you.
Throw: 15 darts (poison)
Press: ? - help, Q - select action, (/) - cycle Shift-Dir - straight line, f/p - minotaur
Aim: a minotaur, wielding a +2 demon trident of venom, wearing the +4 ring mail of Bileuqy {rF+ rC+ Dex+2 SInv}, wearing a +0 tower shield of protection, wearing the ring of Sexociul {rElec Will++ AC+4 Dex-5} and quivering javelins (81% to hit)
You throw a poisoned dart.
The poisoned dart barely misses the minotaur.
Throw: 14 darts (poison)
Press: ? - help, Q - select action, (/) - cycle Shift-Dir - straight line, f/p - minotaur
Aim: a minotaur, wielding a +2 demon trident of venom, wearing the +4 ring mail of Bileuqy {rF+ rC+ Dex+2 SInv}, wearing a +0 tower shield of protection, wearing the ring of Sexociul {rElec Will++ AC+4 Dex-5} and quivering javelins (81% to hit)
Okay, then.
Throw: throwing net
Press: ? - help, Shift-Dir - straight line, f/p - minotaur
Aim: a minotaur, wielding a +2 demon trident of venom, wearing the +4 ring mail of Bileuqy {rF+ rC+ Dex+2 SInv}, wearing a +0 tower shield of protection, wearing the ring of Sexociul {rElec Will++ AC+4 Dex-5} and quivering javelins (81% to hit)
You throw a throwing net.
The throwing net barely misses the minotaur.
The minotaur hits you from afar with a +2 demon trident of venom!!
* * * LOW HITPOINT WARNING * * *
The minotaur throws a javelin.
The javelin completely misses you.
Throw: 14 darts (poison)
Press: ? - help, Q - select action, (/) - cycle Shift-Dir - straight line, f/p - minotaur
Aim: a minotaur, wielding a +2 demon trident of venom, wearing the +4 ring mail of Bileuqy {rF+ rC+ Dex+2 SInv}, wearing a +0 tower shield of protection, wearing the ring of Sexociul {rElec Will++ AC+4 Dex-5} and quivering javelins (81% to hit)
You throw a poisoned dart. The poisoned dart hits the minotaur.
The minotaur is poisoned.
The minotaur throws a javelin.
The javelin barely misses you.
The minotaur throws a javelin.
The javelin barely misses you.
The minotaur throws a javelin.
The javelin barely misses you.
Throw: 13 darts (poison)
Press: ? - help, Q - select action, (/) - cycle Shift-Dir - straight line, f/p - minotaur
Aim: a minotaur, wielding a +2 demon trident of venom, wearing the +4 ring mail of Bileuqy {rF+ rC+ Dex+2 SInv}, wearing a +0 tower shield of protection, wearing the ring of Sexociul {rElec Will++ AC+4 Dex-5} and quivering javelins (poisoned, 81% to hit)
You throw a poisoned dart. The poisoned dart hits the minotaur.
The minotaur looks even sicker.
You gain the combat prowess of a mighty hero.
The minotaur hits you from afar with a +2 demon trident of venom!
* * * LOW HITPOINT WARNING * * *
You are lethally poisoned!
You die...

##### #8∩8# #).[#
#8.8# ####[.=# ##
###8.#8.8#.8###
#....#.H.#....#
#.#@.#8.8#..#.#
#.#H.##'##..#.#
#.............#
#(#.##.#.##.#.#
#(#....#....# #
###.#.#######.#.###
#≈...............≈#
#8..©.©.©.©.©.©..8#
#
#≈.((............≈#
8#


You could see a minotaur (very poisoned).

Vanquished Creatures
  A mana viper (shapeshifter) (Gauntlet)
  2 cane toads (Lair:1)
  A troll (D:7)
  Prince Ribbit (D:5)
  2 slime creatures (D:10)
  2 hornets (Gauntlet)
  6 yaks (D:9)
  6 shadows (Gauntlet)
  A wraith (D:9)
  Grum (D:8)
  A wyvern (D:9)
  A basilisk (shapeshifter) (Gauntlet)
  4 steam dragons
  Edmund (D:5)
  An acid dragon (D:8)
  3 water moccasins
  Duvessa (D:5)
  An orc warrior (D:8)
  A black bear (D:8)
  An ogre (D:6)
  A sky beast (D:7)
  7 wolves
  3 centaurs
  2 phantoms
  A kobold brigand (D:7)
  3 bullfrogs
  3 scorpions
  9 wights
  Dowan (D:5)
  8 killer bees (D:8)
  An electric eel (Lair:1)
  5 howler monkeys
  A centaur zombie (Ossuary)
  A hound (D:5)
  4 jellies
  2 orc priests
  Jessica (D:3)
  A gnoll bouda (D:9)
  An iguana (D:7)
  Ijyb (D:5)
  4 orc wizards
  5 mummies (Ossuary)
  9 adders
  4 gnolls (D:9)
  2 white imps
  2 worms (D:2)
  2 dart slugs
  15 orcs
  3 ball pythons
  9 endoplasms
  3 giant cockroaches
  2 gnoll zombies (Ossuary)
  6 goblins
  8 hobgoblins
  6 jackals
  2 quokkas
  4 bats
  4 frilled lizards
  2 goblin zombies (Ossuary)
  8 kobolds
  A kobold zombie (Ossuary)
  2 orc zombies (Ossuary)
  10 rats
207 creatures vanquished.

Vanquished Creatures (others)
  14 fungi (D:5)
  5 plants (Lair:1)
19 creatures vanquished.

Grand Total: 226 creatures vanquished

Notes
Turn   | Place    | Note
-------+----------+-------------------------------------------
     0 | D:1      | panurg the Minotaur Gladiator began the quest for the Orb.
     0 | D:1      | Reached XP level 1. HP: 18/18 MP: 0/0
   135 | D:1      | Reached skill level 4 in Axes
   204 | D:1      | Reached XP level 2. HP: 21/25 MP: 1/1
   503 | D:1      | Reached skill level 5 in Axes
  1013 | D:1      | Reached XP level 3. HP: 30/30 MP: 2/2
  1458 | D:2      | Found a faded altar of an unknown god.
  1845 | D:3      | Noticed Jessica
  1854 | D:3      | Reached XP level 4. HP: 31/37 MP: 3/3
  1856 | D:3      | Reached skill level 6 in Axes
  2050 | D:3      | Killed Jessica
  2818 | D:4      | Reached XP level 5. HP: 30/42 MP: 4/4
  2955 | D:4      | Reached skill level 7 in Axes
  3531 | D:5      | Entered Level 5 of the Dungeon
  3532 | D:5      | Found a staircase to the Ecumenical Temple.
  3535 | D:5      | Noticed a centaur
  3540 | Temple   | Entered the Ecumenical Temple
  3540 | Temple   | Found a transporter.
  3540 | Temple   | Found a transporter.
  3653 | Temple   | Found a transporter.
  3653 | Temple   | Found a transporter.
  3692 | Temple   | Became a worshipper of Warmaster Okawaru
  3986 | D:5      | Reached skill level 8 in Axes
  3990 | D:5      | Killed a centaur
  3991 | D:5      | Reached XP level 6. HP: 39/50 MP: 5/5
  4186 | D:5      | Noticed Prince Ribbit
  4187 | D:5      | Noticed Ijyb
  4196 | D:5      | Paralysed by Ijyb for 3 turns
  4209 | D:5      | Killed Ijyb
  4210 | D:5      | Reached skill level 9 in Axes
  4216 | D:5      | Killed Prince Ribbit
  4216 | D:5      | Reached * piety under Okawaru
  4217 | D:5      | Reached skill level 10 in Axes
  4217 | D:5      | Reached XP level 7. HP: 5/56 MP: 6/6
  4769 | D:5      | Noticed Edmund
  4795 | D:5      | Killed Edmund
  5065 | D:5      | Noticed Duvessa
  5067 | D:5      | Noticed Dowan
  5099 | D:5      | Killed Duvessa
  5102 | D:5      | Killed Dowan
  5102 | D:5      | Reached ** piety under Okawaru
  5109 | D:5      | Reached XP level 8. HP: 51/66 MP: 4/7
  5236 | D:5      | Reached skill level 11 in Axes
  5793 | D:6      | Found a sand-covered staircase.
  5810 | Ossuary  | Entered an ossuary
  6087 | D:5      | Reached skill level 5 in Dodging
  6516 | D:6      | Reached skill level 5 in Fighting
  6546 | D:6      | Found a sparkling altar of Nemelex Xobeh.
  6564 | D:6      | Reached skill level 12 in Axes
  6694 | D:6      | Reached *** piety under Okawaru
  6770 | D:6      | Found a sacrificial altar of Ru.
  6927 | D:6      | Reached XP level 9. HP: 75/75 MP: 8/8
  7008 | D:6      | Found Garshasp's Dragon-Slaying Spoils.
  7312 | D:7      | Noticed a troll
  7321 | D:7      | Killed a troll
  7423 | D:7      | Reached skill level 1 in Armour
  7517 | D:7      | Received a gift from Okawaru
  7518 | D:7      | Reached skill level 13 in Axes
  8145 | D:8      | Received a gift from Okawaru
  8342 | D:8      | Reached skill level 14 in Axes
  8361 | D:8      | Reached XP level 10. HP: 56/86 MP: 9/9
  8550 | D:8      | Noticed Grum
  8560 | D:8      | Killed Grum
  8670 | D:8      | Found a staircase to the Lair.
  8738 | D:8      | Identified the +1 plate armour of Absolutism {Harm Slay+3
                  | SInv}
  8953 | D:9      | Reached **** piety under Okawaru
  8956 | D:9      | Reached skill level 5 in Armour
  9385 | D:9      | Reached skill level 1 in Invocations
  9403 | D:9      | Reached skill level 15 in Axes
  9729 | D:10     | Entered Level 10 of the Dungeon
  9905 | Lair:1   | Entered Level 1 of the Lair of Beasts
  9996 | Lair:1   | Noticed a cane toad
  9996 | Lair:1   | Noticed a cane toad
 10000 | Lair:1   | Killed a cane toad
 10000 | Lair:1   | Reached ***** piety under Okawaru
 10008 | Lair:1   | Killed a cane toad
 10213 | Lair:1   | Found a gate leading to a gauntlet.
 10223 | Gauntlet | Entered a Gauntlet
 10223 | Gauntlet | Found a transporter.
 10229 | Gauntlet | Found a transporter.
 10229 | Gauntlet | Found a transporter.
 10231 | Gauntlet | Found a transporter.
 10235 | Gauntlet | Found a large runed translucent door.
 10235 | Gauntlet | Found a large runed translucent door.
 10237 | Gauntlet | Paralysed by a hornet for 3 turns
 10242 | Gauntlet | Reached XP level 11. HP: 57/97 MP: 12/12
 10242 | Gauntlet | Found a large runed translucent door.
 10242 | Gauntlet | Found a large runed translucent door.
 10244 | Gauntlet | Found a transporter.
 10245 | Gauntlet | Noticed a wizard
 10263 | Gauntlet | Noticed a wizard
 10410 | Gauntlet | Found a transporter.
 10433 | Gauntlet | Found a large runed translucent door.
 10433 | Gauntlet | Found a large runed translucent door.
 10433 | Gauntlet | Found a runed translucent door.
 10433 | Gauntlet | Found a runed translucent door.
 10433 | Gauntlet | Found a large runed translucent door.
 10434 | Gauntlet | Found a large runed translucent door.
 10435 | Gauntlet | Found a large runed translucent door.
 10436 | Gauntlet | Found a large runed translucent door.
 10442 | Gauntlet | Found a transporter.
 10460 | Gauntlet | Noticed a mana viper
 10460 | Gauntlet | a guardian serpent changed into a mana viper
 10462 | Gauntlet | Killed a mana viper
 10462 | Gauntlet | Received a gift from Okawaru
 10582 | Gauntlet | Found a transporter.
 10586 | Gauntlet | Noticed a purple ugly thing
 10586 | Gauntlet | Noticed a brown ugly thing
 10586 | Gauntlet | Noticed a glowing orange brain
 10589 | Gauntlet | Noticed a dire elephant
 10589 | Gauntlet | Noticed a glowing orange brain
 10593 | Gauntlet | Found a transporter.
 10611 | Gauntlet | Found a large runed translucent door.
 10612 | Gauntlet | Found a large runed translucent door.
 10613 | Gauntlet | Found a large runed translucent door.
 10617 | Gauntlet | Found a large runed translucent door.
 10618 | Gauntlet | Found a large runed translucent door.
 10619 | Gauntlet | Found a large runed translucent door.
 10623 | Gauntlet | Found a runed translucent gate.
 10623 | Gauntlet | Found a runed translucent gate.
 10623 | Gauntlet | Found a runed translucent gate.
 10628 | Gauntlet | Found a transporter.
 10639 | Gauntlet | Reached skill level 16 in Axes
 10652 | Gauntlet | Identified the ring of Noon {+Blink rPois Will+}
 10658 | Gauntlet | Found a transporter.
 10673 | Gauntlet | Identified the +4 ring mail of Bileuqy {rF+ rC+ Dex+2 SInv}
 10673 | Gauntlet | Identified the ring of Sexociul {rElec Will++ AC+4 Dex-5}
 10673 | Gauntlet | Noticed a minotaur
 10684 | Gauntlet | HP: 2/99 [minotaur/+2 demon trident of venom (32)]
 10714 | Gauntlet | HP: 2/99 [minotaur/+2 demon trident of venom (8)]
 10715 | Gauntlet | Succumbed to a minotaur's poison

Illustrated notes

Levels and vault maps discovered:
D:1:      shiori_arrival_elements, layout_basic
D:2:      layout_basic, ebering_ecumenical_altar_box, serial_park_tiny_pond
D:3:      layout_loops_ring, uniq_jessica
D:4:      layout_basic, serial_forest, infiniplex_forest_zigzag_1,
          infiniplex_forest_lined_2, infiniplex_forest_corner_1,
          infiniplex_forest_straight_3, infiniplex_forest_lined_4_way,
          grunt_ministairs_6, kennysheep_nub
D:5:      kennysheep_steamy, layout_rooms, minmay_temple_entry_mist,
          uniq_prince_ribbit1, uniq_edmund, uniq_duvessa, uniq_ijyb
D:6:      layout_basic, mainiacjoe_overflow_catch_the_wave,
          lightli_ossuary_entry_decrepit_ruins, chequers_serial_rivers_micro_a,
          kennysheep_cross_bottleneck, nicolae_shop_dragon_depot
D:7:      layout_cave_pools
D:8:      layout_gridville, lair_entry_dummy, hex_large, uniq_grum
D:9:      layout_irregular_city
D:10:     layout_irregular_city, mainiacjoe_overflow_alcove_1
Temple:   hellmonk_temple_divided_pantheon
Lair:1:   layout_regular_city, gauntlet_entry_generic, minivault_23,
          serial_bayou_crossing, serial_bayou_shore_a, serial_bayou_shore_b,
          grunt_megastairs_5
Gauntlet: gammafunk_gauntlet_one_two_three [nicolae_gauntlet_arena_t_cross,
          nicolae_gauntlet_arena_flowing_pool, nicolae_gauntlet_arena_grate_2,
          gammafunk_gauntlet_arena_spirals, gammafunk_gauntlet_arena_chambers,
          minmay_gauntlet_arena_make_your_own_arena,
          gammafunk_gauntlet_arena_grid, gammafunk_gauntlet_arena_open,
          gammafunk_gauntlet_arena_split_x,
          nicolae_gauntlet_exit_dead_adventurers]

Skill      XL: |  1  2  3  4  5  6  7  8  9 10 11 |
---------------+----------------------------------+-----
Axes           | 4 5 6 8 10 12 14 15 16 | 16.1
Fighting       | 3 5 7 9 |  9.7
Dodging        | 4 5 6 |  6.1
Armour         | 4 6 |  6.0
Invocations    | 3 |  3.8
Throwing       | |  2.0

Action                   |  1- 3 |  4- 6 |  7- 9 | 10-12 || total
-------------------------+-------+-------+-------+-------++-------
Melee: War axe           |    69 |    86 |     7 |       ||   162
       Headbutt          |    12 |    10 |    20 |    14 ||    56
       Punch             |     1 |     1 |     1 |       ||     3
       Dire flail        |       |       |   133 |       ||   133
       Battleaxe         |       |       |    26 |    84 ||   110
Throw: Dart              |       |     6 |    23 |     8 ||    37
       Throwing net      |       |     1 |       |     2 ||     3
Invok: Heroism           |       |       |     5 |     4 ||     9
Evoke: Wand              |       |       |    11 |    13 ||    24
  Use: Scroll            |       |     4 |     2 |     3 ||     9
       Potion            |       |     1 |       |     7 ||     8
 Stab: Paralysed         |       |       |     2 |       ||     2
Armor: Leather armour    |     7 |       |       |       ||     7
       Ring mail         |     2 |       |       |       ||     2
       Chain mail        |    10 |    33 |    60 |       ||   103
       Plate armour      |       |       |    23 |    29 ||    52
Dodge: Dodged            |    45 |    52 |   112 |    43 ||   252
